 Dungeon Crawl Stone Soup version 0.24.1 (webtiles) character file.

Game seed: 12339029183568538854, levelgen mode: deterministic

12114 BreadTh the Severer (level 11, -2/94 HPs)
             Began as a Minotaur Monk on Mar 28, 2020.
             Was a Priest of Uskayaw.
             Slain by a large slime creature (13 damage)
             ... on level 11 of the Dungeon.
             The game lasted 00:45:31 (11607 turns).

BreadTh the Severer (Minotaur Monk)                Turns: 11607, Time: 00:45:31

Health: -2/94      AC: 17    Str: 17    XL:     11   Next: 58%
Magic:  7/10       EV: 11    Int:  7    God:    Uskayaw [***...]
Gold:   741        SH:  0    Dex: 17    Spells: 10/10 levels left

rFire    . . .     SeeInvis .   l - +3 hand axe (freeze)
rCold    . . .     Gourm    .   (no shield)
rNeg     + . .     Faith    .   U - +3 chain mail {rN+}
rPois    .         Spirit   .   (helmet unavailable)
rElec    .         Reflect  .   H - +0 cloak
rCorr    +         Harm     .   (no gloves)
MR       .....                  (no boots)
Stlth    ..........             a - amulet of regeneration
HPRegen  0.65/turn              J - ring of resist corrosion
MPRegen  0.12/turn              (no ring)

@: studying Earth Magic
A: retaliatory headbutt, horns 3, iridescent scales 1, thin skeletal structure 1
a: Stomp, Line Pass, Renounce Religion


You were on level 11 of the Dungeon.
You worshipped Uskayaw.
Uskayaw was noncommittal.
You were hungry.

You visited 2 branches of the dungeon, and saw 12 of its levels.
You also visited: Sewer and Ossuary.

You collected 741 gold pieces.

Inventory:

Hand Weapons
 l - a +3 hand axe of freezing (weapon)
 G - the +10 quarterstaff of the Red Skies {antimagic, *Slow rC++}
   (You found it on level 7 of the Dungeon)

   It reduces the magical energy of the wielder, and disrupts the spells and
   magical abilities of those hit.
   Natural abilities and divine invocations are not affected.
   It greatly protects you from cold.
   It may slow you when you take damage.
Missiles
 g - 90 bolts
 P - 32 poisoned darts
 R - 3 atropa-tipped darts
 S - 33 stones
 V - 3 javelins (quivered)
Armour
 H - a +0 cloak (worn)
 Q - a +2 chain mail of cold resistance
 U - a +3 chain mail of positive energy (worn)
 X - the +1 chain mail of Fallacy {*Corrode MR+ Int+4}
   (You found it on level 11 of the Dungeon)

   It affects your intelligence (+4).
   It affects your resistance to hostile enchantments.
   It may corrode you when you take damage.
Jewellery
 a - an amulet of regeneration (around neck)
 t - an uncursed amulet of faith
 F - an uncursed amulet of rage
 J - a ring of resist corrosion (left hand)
 T - an uncursed ring of ice
Wands
 b - a wand of acid (6)
 u - a wand of flame (18)
 v - a wand of random effects (34)
 D - a wand of polymorph (7)
 O - a wand of scattershot (5)
Scrolls
 d - 2 scrolls of magic mapping
 h - 2 scrolls of identify
 i - 4 scrolls of enchant armour
 j - 6 scrolls of remove curse
 k - 4 scrolls of random uselessness
 m - 2 scrolls of fog
 n - 4 scrolls of amnesia
 w - 4 scrolls of teleportation
 z - a scroll of immolation
 A - a scroll of noise
Potions
 e - 4 potions of agility
 f - 9 potions of flight
 p - 6 potions of curing
 r - 4 potions of degeneration
 s - 4 potions of brilliance
 x - 3 potions of might
 B - a potion of cancellation
 I - 3 potions of haste
 L - a potion of heal wounds
 M - a potion of mutation
 N - a potion of resistance
Books
 C - a manual of Earth Magic
Miscellaneous
 o - a lamp of fire
Comestibles
 c - 25 rations


   Skills:
 + Level 8.2 Fighting
 + Level 15.0 Axes
 + Level 7.3 Throwing
 + Level 8.1 Armour
 + Level 7.7 Dodging
 - Level 1.5 Stealth


You had 10 spell levels left.
You didn't know any spells.
Your spell library contained the following spells:

 Spells                   Type           Power        Failure   Level  Hunger
 Infusion                 Chrm           #...         99%         1    ##.....
 Shroud of Golubria       Chrm/Tloc      #.....       100%        2    ###....
 Song of Slaying          Chrm           #.......     100%        2    ###....
 Regeneration             Chrm/Necr      #.........   100%        3    ####...
 Spectral Weapon          Hex/Chrm       #.......     100%        3    ####...


Dungeon Overview and Level Annotations

Branches:
Dungeon (11/15)            Temple (1/1) D:5            Lair (0/6) D:8
    Orc (0/2) D:11          Sewer (visited)         Ossuary (visited)

Altars:
Ashenzari
Cheibriados
Dithmenos
Elyvilon
Fedhas
Gozag
Hepliaklqana
Kikubaaqudgha
Makhleb
Nemelex Xobeh
Okawaru
Qazlal
Ru
Sif Muna
Trog
Uskayaw
Vehumet
Wu Jian
Xom
Yredelemnul
Zin
The Shining One

Shops:
D:11 (

Annotations:
D:5 2 transporters, H0rd4k's ghost, novice HuAr


Innate Abilities, Weirdness & Mutations

You reflexively headbutt those who attack you in melee.
You have a pair of large horns on your head.
You are partially covered in iridescent scales. (AC +2)
You have a somewhat thin skeletal structure. (Dex +2, Stealth)


Message History

Your headbutt misses the large slime creature.
The large slime creature is severely wounded.
You hit the large slime creature. You freeze the large slime creature.
The large slime creature is severely wounded.
The large slime creature hits you!!
A slime creature comes into view.
Uskayaw links your audience in an emotional bond!
Your chain mail prevents you from hitting the large slime creature.
The large slime creature is severely wounded.
You slash the large slime creature! You freeze the large slime creature.
You headbutt the large slime creature!
The large slime creature is almost dead.
The large slime creature hits you!!
* * * LOW HITPOINT WARNING * * *
The slime creature is no longer sharing its pain.
The large slime creature is no longer sharing its pain.
You stomp with the beat, sending a shockwave through the revelers around you!
The large slime creature is almost dead.
You feel somewhat more hungry. The large slime creature hits you!
You die...

..# #....# ..# #....# ..#
#....# ### #....# #....#
#########.#######
.................
..#######.###############
##.# #......@J....J...
...# #################
#..# #.<# )..# #..# #..#
#..# #..#


You could see a large slime creature and a slime creature.

Vanquished Creatures
  Harold (D:11)
  A hydra (D:11)
  Pikel (D:6)
  An ugly thing (D:11)
  A troll (D:8)
  4 hippogriffs
  A slime creature (D:11)
  A spriggan (D:8)
  14 yaks
  Eustachio (D:4)
  Menkaure (D:6)
  A hungry ghost (D:10)
  Edmund (D:6)
  Duvessa (D:5)
  5 ice beasts
  A slave (D:5)
  8 orc warriors
  2 sky beasts
  3 black bears
  A necrophage (D:10)
  4 ogres
  11 centaurs
  A crocodile (D:7)
  2 big kobolds (D:10)
  5 bullfrogs
  Dowan (D:5)
  4 water moccasin zombies (Ossuary)
  A wyvern skeleton (D:10)
  A scorpion (D:8)
  7 killer bees
  2 howler monkeys
  2 crimson imps
  2 quasits
  8 orc priests
  A bullfrog skeleton (D:6)
  A jelly (D:9)
  2 centaur skeletons
  2 iguanas (D:9)
  A merfolk siren (Sewer)
  8 orc wizards
  15 worker ants
  A merfolk avatar (Sewer)
  A big kobold zombie (Ossuary)
  A hound zombie (D:5)
  A hound skeleton (D:4)
  2 mummies (Ossuary)
  Robin (D:3)
  6 gnolls
  A howler monkey skeleton (D:7)
  2 river rats (Sewer)
  17 adders
  3 shadow imps
  2 oozes
  4 adder zombies (Ossuary)
  An adder skeleton (D:6)
  2 worms (D:2)
  12 dart slugs
  3 leopard geckos
  42 orcs
  2 giant cockroaches
  14 goblins
  9 hobgoblins
  15 kobolds
  4 quokkas
  10 ball pythons
  4 bats
  4 frilled lizards
  A gnoll zombie (Ossuary)
  7 hobgoblin zombies (Ossuary)
  2 kobold zombies (Ossuary)
  4 orc zombies (Ossuary)
  A quokka skeleton (D:5)
  28 rats
338 creatures vanquished.

Vanquished Creatures (others)
  A worker ant (D:6)
  An adder (D:6)
  An orc (D:6)
  3 fungi (D:8)
  A plant (D:8)
7 creatures vanquished.

Grand Total: 345 creatures vanquished

Notes
Turn   | Place    | Note
-------+----------+-------------------------------------------
     0 | D:1      | BreadTh the Minotaur Monk began the quest for the Orb.
     0 | D:1      | Reached XP level 1. HP: 19/19 MP: 0/0
   211 | D:1      | Reached XP level 2. HP: 27/27 MP: 1/1
   267 | D:1      | Reached skill level 4 in Axes
   373 | D:1      | Reached skill level 1 in Armour
   655 | D:2      | Reached XP level 3. HP: 33/33 MP: 2/2
  1033 | D:2      | Found an ancient bone altar of Kikubaaqudgha.
  1171 | D:2      | Reached XP level 4. HP: 40/40 MP: 3/3
  1229 | D:2      | Found a shattered altar of Ashenzari.
  1231 | D:2      | Found a white marble altar of Elyvilon.
  1232 | D:2      | Found a sacrificial altar of Ru.
  1442 | D:3      | Noticed Robin
  1472 | D:3      | Reached skill level 1 in Throwing
  1729 | D:3      | Killed Robin
  2040 | D:3      | Found an opulent altar of Gozag.
  2040 | D:3      | Found a shimmering altar of Xom.
  2040 | D:3      | Found a blossoming altar of Fedhas.
  2103 | D:3      | Reached skill level 5 in Axes
  2177 | D:3      | Reached XP level 5. HP: 41/47 MP: 4/4
  2396 | D:3      | Found a faded altar of an unknown god.
  2807 | D:4      | Noticed Eustachio
  2818 | D:4      | Killed Eustachio
  2818 | D:4      | Reached skill level 6 in Axes
  2818 | D:4      | Reached XP level 6. HP: 30/55 MP: 5/5
  3071 | D:4      | Reached skill level 5 in Fighting
  3075 | D:4      | HP: 1/56 [poisoned by a worker ant]
  3386 | D:4      | Found a radiant altar of Vehumet.
  3392 | D:4      | Reached XP level 7. HP: 61/61 MP: 6/6
  3602 | D:5      | Entered Level 5 of the Dungeon
  3612 | D:5      | Found a transporter.
  3612 | D:5      | Noticed H0rd4k's ghost (novice HuAr)
  3617 | D:5      | Found a transporter.
  3704 | D:5      | Found a glowing drain.
  3708 | Sewer    | Entered a sewer
  3798 | Sewer    | Reached skill level 5 in Dodging
  3849 | Sewer    | Reached skill level 7 in Axes
  4170 | D:5      | Found a staircase to the Ecumenical Temple.
  4201 | Temple   | Entered the Ecumenical Temple
  4282 | Temple   | Became a worshipper of Uskayaw the Reveler
  4282 | Temple   | Reached * piety under Uskayaw
  4363 | D:5      | Reached ** piety under Uskayaw
  4465 | D:5      | Noticed Duvessa
  4465 | D:5      | Noticed Dowan
  4721 | D:5      | Killed Duvessa
  4725 | D:5      | Killed Dowan
  4725 | D:5      | Reached *** piety under Uskayaw
  4834 | D:5      | Reached XP level 8. HP: 68/68 MP: 7/7
  4838 | D:5      | Reached skill level 8 in Axes
  5762 | D:5      | Reached skill level 5 in Armour
  6053 | D:6      | Reached skill level 9 in Axes
  6128 | D:6      | Noticed Menkaure
  6136 | D:6      | Reached **** piety under Uskayaw
  6138 | D:6      | Killed Menkaure
  6440 | D:6      | Reached skill level 5 in Throwing
  6520 | D:6      | Reached skill level 10 in Axes
  6525 | D:6      | Noticed Edmund
  6657 | D:6      | Killed Edmund
  6700 | D:6      | Noticed Pikel
  6753 | D:6      | Killed Pikel
  6753 | D:6      | Reached skill level 11 in Axes
  6753 | D:6      | Reached XP level 9. HP: 44/74 MP: 1/8
  7320 | D:6      | Reached skill level 12 in Axes
  7425 | D:6      | Found a sparkling altar of Nemelex Xobeh.
  7497 | D:6      | Found an iron altar of Okawaru.
  7579 | D:7      | Got a pitted quarterstaff
  7600 | D:7      | Identified the +10 quarterstaff of the Red Skies
                  | {antimagic, *Slow rC++} (You found it on level 7 of the
                  | Dungeon)
  7923 | D:7      | Reached skill level 13 in Axes
  8152 | D:8      | Found a sand-covered staircase.
  8198 | Ossuary  | Entered an ossuary
  8446 | D:8      | Reached XP level 10. HP: 53/81 MP: 1/9
  8446 | D:8      | Reached ***** piety under Uskayaw
  8549 | D:8      | Reached skill level 14 in Axes
  8575 | D:8      | Reached ****** piety under Uskayaw
  8745 | D:8      | Found a staircase to the Lair.
  8848 | D:8      | Found a glowing golden altar of the Shining One.
  9275 | D:9      | Found a shadowy altar of Dithmenos.
  9782 | D:10     | Entered Level 10 of the Dungeon
 10261 | D:10     | Reached XP level 11. HP: 74/92 MP: 10/10
 10755 | D:11     | Noticed Harold
 10809 | D:11     | Killed Harold
 10981 | D:11     | Found Lojid's Weapon Shop.
 10981 | D:11     | Found a staircase to the Orcish Mines.
 11227 | D:11     | Noticed a purple ugly thing
 11242 | D:11     | Killed a purple ugly thing
 11242 | D:11     | Reached skill level 15 in Axes
 11351 | D:11     | Noticed a seven-headed hydra
 11362 | D:11     | Killed a 12-headed hydra
 11382 | D:11     | Got a shimmering chain mail
 11393 | D:11     | Identified the +1 chain mail of Fallacy {*Corrode MR+
                  | Int+4} (You found it on level 11 of the Dungeon)
 11522 | D:11     | Gained mutation: You are partially covered in iridescent
                  | scales. (AC +2) [potion of mutation]
 11522 | D:11     | Gained mutation: You have a somewhat thin skeletal
                  | structure. (Dex +2, Stealth) [potion of mutation]
 11522 | D:11     | Gained mutation: You have a pair of large horns on your
                  | head. [potion of mutation]
 11607 | D:11     | Slain by a large slime creature

Levels and vault maps discovered:
D:1:      minmay_arrival_checkered_box, layout_loops_ring, kennysheep_boxes
D:2:      layout_rooms, kiku_gazebo_pond_becter, grunt_temple_overflow_open
D:3:      kennysheep_slugbush, layout_loops_ring,
          chequers_temple_overflow_statue_of_worship,
          chequers_ecumenical_altar_simple_redux, uniq_robin
D:4:      layout_gridville, overflow_temple_1_default, first_ration,
          uniq_eustachio
D:5:      layout_basic, minmay_temple_entry_statues_pillars,
          gammafunk_ghost_arena, portal_sewer_entry_e, uniq_duvessa
D:6:      layout_rooms, lemuel_round_altar, okawaru_altar_gauntlet_db,
          uniq_edmund, uniq_pikel, uniq_menkaure
D:7:      layout_rooms
D:8:      layout_basic, kennysheep_mini, grunt_lair_entry_orc_guard_hut,
          lightli_ossuary_entry_decrepit_ruins, the_bakery
D:9:      layout_roguey, nicolae_overflow_crystal_walls,
          chequers_serial_rivers_room_b
D:10:     layout_irregular_city
D:11:     layout_basic, orc_david_3, uniq_harold
Temple:   cyrus_temple_forest

Skill      XL: |  1  2  3  4  5  6  7  8  9 10 11 |
---------------+----------------------------------+-----
Axes           | 4 5 6 7 11 13 14 15 | 15.0
Armour         | 1 2 3 4 5 7 8 |  8.1
Fighting       | 4 5 7 8 |  8.2
Throwing       | 1 2 3 5 6 7 |  7.3
Dodging        | 4 5 6 7 |  7.7
Stealth        | |  1.5

Action                   |  1- 3 |  4- 6 |  7- 9 | 10-12 || total
-------------------------+-------+-------+-------+-------++-------
Melee: Hand axe          |    68 |   129 |   417 |   444 ||  1058
       Headbutt          |    13 |    20 |    86 |    82 ||   201
Throw: Javelin           |       |       |       |     3 ||     3
       Dart              |       |       |       |     1 ||     1
Invok: Stomp             |       |       |    10 |     3 ||    13
       Line Pass         |       |       |     3 |     1 ||     4
  Use: Potion            |       |     2 |       |     1 ||     3
       Scroll            |       |       |     5 |    19 ||    24
 Stab: Sleeping          |     2 |       |       |       ||     2
       Distracted        |       |     1 |       |       ||     1
       Paralysed         |       |       |    11 |    28 ||    39
       Confused          |       |       |       |     1 ||     1
  Eat: Chunk             |     1 |     6 |    15 |    13 ||    35
       Ration            |       |       |     1 |       ||     1
Armor: Robe              |     7 |       |       |       ||     7
       Ring mail         |     1 |    28 |       |       ||    29
       Leather armour    |       |     3 |     1 |       ||     4
       Scale mail        |       |       |    29 |       ||    29
       Chain mail        |       |       |   105 |   155 ||   260
Dodge: Dodged            |    38 |    76 |   147 |   148 ||   409
